 Dungeon Crawl Stone Soup version 0.21.1-1-g345015f (webtiles) character file.

15199 letownia2 the Thaumaturge (level 12, -19/94 HPs)
             Began as a Gnoll Skald on Mar 1, 2018.
             Was the Champion of Cheibriados.
             Demolished by an orc knight
             ... wielding a +0 battleaxe
              (30 damage)
             ... on level 1 of the Orcish Mines on Mar 2, 2018.
             The game lasted 00:31:51 (4099 turns).

letownia2 the Thaumaturge (Gnoll Skald)             Turns: 4099, Time: 00:31:52

Health: -19/94     AC: 21    Str: 29    XL:     12   Next: 24%
Magic:  15/24      EV: 23    Int: 34    God:    Cheibriados [******]
Gold:   590        SH: 10    Dex: 38    Spells: 8/28 levels left

rFire    . . .     SeeInvis .   a - +6 trident "X" {protect, Dex+7}
rCold    + . .     Gourm    .   m - +1 buckler
rNeg     . . .     Faith    .   M - +0 troll leather armour
rPois    +         Spirit   .   (no helmet)
rElec    .         Reflect  .   (no cloak)
rCorr    .         Harm     .   (no gloves)
MR       .....                  (no boots)
Stlth    +++++.....             w - amulet of regeneration
HPRegen  2.05/turn              K - ring of protection from cold
MPRegen  0.19/turn              Y - ring of poison resistance (curse)

@: icy armour, protection aura, regenerating, very slow
A: distributed training, fangs 1, strong nose
a: Bend Time, Temporal Distortion, Slouch, Step From Time, Renounce Religion


You were on level 1 of the Orcish Mines.
You worshipped Cheibriados.
Cheibriados was exalted by your worship.
You were not hungry.

You visited 2 branches of the dungeon, and saw 12 of its levels.
You also visited: Labyrinth and Ossuary.

You collected 590 gold pieces.

Inventory:

Hand Weapons
 a - the +6 trident "X" (weapon) {protect, Dex+7}
   (You found it on level 7 of the Dungeon)

   It protects the one who uses it against injury (+AC on strike).
   It affects your dexterity (+7).
 b - the +8 rapier of Ifu Oco {freeze, Int+3}
   (You found it on level 10 of the Dungeon)

   It has been specially enchanted to freeze those struck by it, causing extra
   injury to most foes and up to half again as much damage against particularly
   susceptible opponents.
   It can also slow down cold-blooded creatures.
   It affects your intelligence (+3).
 T - a +4 trident
 W - a +0 quarterstaff of freezing
Missiles
 G - 27 bolts
 L - 5 poisoned needles
 Q - 14 tomahawks (quivered)
 U - 3 exploding tomahawks
Armour
 l - the +0 ring mail of Submission {*Slow rPois Int+8}
   (You took it off a minotaur in a labyrinth)

   It affects your intelligence (+8).
   It protects you from poison.
   It may slow you when you take damage.
 m - a +1 buckler (worn)
 z - the +2 chain mail of Dishonour {rPois}
   (You found it in a labyrinth)

   It protects you from poison.
 M - a +0 troll leather armour (worn)
 R - a +2 leather armour of cold resistance
 X - a +3 scale mail
Magical Staves
 D - an uncursed staff of earth
 S - an uncursed staff of wizardry
Jewellery
 f - an uncursed ring of protection from fire
 w - an amulet of regeneration (around neck)
 E - an uncursed ring of wizardry
 K - a ring of protection from cold (left hand)
 V - an uncursed ring of ice
 Y - a cursed ring of poison resistance (right hand)
Wands
 j - a wand of polymorph (46)
 k - a wand of flame (33)
 F - a wand of enslavement (28)
 H - a wand of disintegration (3)
Scrolls
 e - 3 scrolls of teleportation
 g - 6 scrolls of remove curse {unknown}
 h - 2 scrolls of enchant weapon {unknown}
 o - a scroll of immolation {unknown}
 p - 2 scrolls of identify
 s - a scroll of vulnerability {unknown}
 B - a scroll of brand weapon {unknown}
 C - a scroll of amnesia {unknown}
 J - a scroll of fog {unknown}
 O - a scroll of silence {unknown}
 P - a scroll of summoning {unknown}
 Z - a scroll of torment {unknown}
Potions
 n - a potion of mutation
 q - a potion of might
 r - a potion of agility
 t - a potion of brilliance
 u - a potion of curing
 v - a potion of berserk rage
Books
 c - a book of Battle

   Spells                             Type                      Level
   a - Infusion                       Charms                       1
   b - Shroud of Golubria             Charms/Translocation         2
   c - Song of Slaying                Charms                       2
   d - Spectral Weapon                Hexes/Charms                 3
   e - Regeneration                   Charms/Necromancy            3
 i - a book of Conjurations

   Spells                             Type                      Level
   a - Magic Dart                     Conjuration                  1
   b - Searing Ray                    Conjuration                  2
   c - Dazzling Spray                 Conjuration/Hexes            3
   d - Fulminant Prism                Conjuration/Hexes            4
   e - Force Lance                    Conjuration/Translocation    4
   f - Iskenderun's Mystic Blast      Conjuration                  4
 y - Urigay's Incunabulum of the Glacier
   (You found it in a labyrinth)

   Spells                             Type                      Level
   a - Freeze                         Ice                          1
   b - Throw Frost                    Conjuration/Ice              2
   c - Ensorcelled Hibernation        Hexes/Ice                    2
   d - Throw Icicle                   Conjuration/Ice              4
   e - Metabolic Englaciation         Hexes/Ice                    5
   f - Bolt of Cold                   Conjuration/Ice              6
 A - a book of Frost

   Spells                             Type                      Level
   a - Freeze                         Ice                          1
   b - Throw Frost                    Conjuration/Ice              2
   c - Ozocubu's Armour               Charms/Ice                   3
   d - Throw Icicle                   Conjuration/Ice              4
   e - Summon Ice Beast               Ice/Summoning                4
 I - a book of the Tempests

   Spells                             Type                      Level
   a - Static Discharge               Conjuration/Air              3
   b - Lightning Bolt                 Conjuration/Air              5
   c - Ignition                       Fire                         8
   d - Tornado                        Air                          9
   e - Shatter                        Earth                        9
Comestibles
 d - 9 rations


   Skills:
 + Level 8.4 Fighting
 + Level 7.0 Short Blades
 + Level 7.0 Long Blades
 + Level 7.0 Axes
 + Level 7.0 Maces & Flails
 + Level 8.4 Polearms
 + Level 7.0 Staves
 + Level 7.0 Slings
 + Level 7.0 Bows
 + Level 7.0 Crossbows
 + Level 7.0 Throwing
 + Level 7.5 Armour
 + Level 8.4 Dodging
 + Level 7.0 Stealth
 + Level 7.0 Shields
 + Level 7.0 Unarmed Combat
 + Level 8.7 Spellcasting
 + Level 5.8 Conjurations
 + Level 5.8 Hexes
 + Level 8.1 Charms
 + Level 5.8 Summonings
 + Level 5.8 Necromancy
 + Level 5.8 Translocations
 + Level 5.8 Transmutations
 + Level 5.8 Fire Magic
 + Level 5.8 Ice Magic
 + Level 5.8 Air Magic
 + Level 5.8 Earth Magic
 + Level 5.8 Poison Magic
 + Level 7.6 Invocations
 + Level 7.0 Evocations


You had 8 spell levels left.
You knew the following spells:

 Your Spells              Type           Power        Failure   Level  Hunger
a - Infusion              Chrm           ####         1%          1    None
b - Searing Ray           Conj           ######       1%          2    None
g - Regeneration          Chrm/Necr      ######....   1%          3    None
i - Summon Ice Beast      Ice/Summ       ######..     3%          4    None
l - Song of Slaying       Chrm           ######..     1%          2    None
o - Ozocubu's Armour      Chrm/Ice       ######..     1%          3    None
t - Shroud of Golubria    Chrm/Tloc      ######....   1%          2    None
x - Spectral Weapon       Hex/Chrm       ######..     1%          3    None


Dungeon Overview and Level Annotations

Branches:
Dungeon (10/15)              Lair (0/6) D:9             Orc (2/2) D:10
    Elf (0/3) Orc:2
 Temple: D:4-7

Altars:
Cheibriados
Hepliaklqana
Qazlal
Uskayaw
Wu Jian
Xom
Beogh

Annotations:
Orc:1 Nr616's ghost, adept HOBe


Innate Abilities, Weirdness & Mutations

Your experience applies equally to all skills.
You have very sharp teeth.
Your uncanny sense of smell can sniff out nearby items.


Message History

* * * LOW HITPOINT WARNING * * *
Unknown command.
Unknown command.
Unknown command.
Unknown command.
Okay, then.
Evoke which item? (* to show all) (? for menu, Esc to quit)
Okay, then.
Unknown command.
Casting: Spectral Weapon
Confirm with . or Enter, or press ? or * to list all spells.
You don't have enough magic to cast that spell.
Unknown command.
Unknown command.
Magic courses through your body.
Casting: Spectral Weapon
Confirm with . or Enter, or press ? or * to list all spells.
A chill wind blows around you.
The orc knight hits you with a battleaxe!!
You die...

#....#...............###
##..###..............#.##
#....#........#[.......#
#####............[<>.....##
##.#.##............[[[[....#
##.......[..........[....#.##
#.....##.#.#.....Y......##.##
#.....#.#.....#oo..........#
###.....).....@#.o........##
##......#.#...###.....#...#
##......##....## #......#...#
#....#.......## ##....#.#.##
##..###.##....# ##......##
###...#...###.## ......##
#.........# ### #....###
.........## ##..##
...)......## ########


You could see an orc knight, an orc warrior and a friendly ice beast.

Vanquished Creatures
  An orc warlord (Orc:1)
  A minotaur (Lab)
  Fannar (Orc:1)
  The ghost of Vorshek the Thaumaturge, a journeyman GnWr of Sif Muna (D:10)
  2 two-headed ogres (D:9)
  2 orc high priests
  2 unseen horrors (Lab)
  2 orc knights (D:10)
  An orc sorcerer (Orc:1)
  An efreet (D:9)
  2 trolls
  Prince Ribbit (D:5)
  2 redbacks (Lab)
  5 yaks (D:10)
  4 hungry ghosts
  A human (D:10)
  A steam dragon (D:10)
  Menkaure (Ossuary)
  4 wargs
  A hell hound (D:9)
  A sky beast (D:6)
  A phantom (D:6)
  A black bear (D:8)
  5 ogres
  15 orc warriors
  A necrophage (D:10)
  3 centaurs
  A big kobold (D:8)
  2 bullfrogs
  A wyvern zombie (D:8)
  5 scorpions
  3 wights (D:10)
  2 crimson imps
  A hound (D:10)
  9 orc priests
  14 orc wizards
  An iguana (D:10)
  3 worker ants
  A hound skeleton (D:5)
  3 mummies (Ossuary)
  4 gnolls (D:8)
  3 adders
  An adder skeleton (D:5)
  A worm (D:2)
  A dart slug (D:2)
  56 orcs
  3 giant cockroaches
  A gnoll zombie (Ossuary)
  A goblin (D:3)
  2 jackals (D:4)
  3 kobolds
  2 quokkas
  A bat (D:2)
  A frilled lizard (D:2)
  3 gnoll skeletons (Ossuary)
  4 goblin skeletons (Ossuary)
  4 goblin zombies (Ossuary)
  2 hobgoblin skeletons (Ossuary)
  3 hobgoblin zombies (Ossuary)
  2 kobold zombies (Ossuary)
  2 orc skeletons (Ossuary)
  3 orc zombies (Ossuary)
  3 rats (D:2)
  5 rat zombies (Ossuary)
220 creatures vanquished.

Vanquished Creatures (others)
  An orc wizard (Orc:1)
  3 orcs (D:10)
  A gnoll skeleton (Ossuary)
  2 gnoll zombies (Ossuary)
  2 goblin skeletons (Ossuary)
  3 goblin zombies (Ossuary)
  4 kobold skeletons (Ossuary)
  A kobold zombie (Ossuary)
  2 orc skeletons (Ossuary)
  An orc zombie (Ossuary)
  5 rat skeletons (Ossuary)
  9 spectral weapons
34 creatures vanquished.

Grand Total: 254 creatures vanquished

Notes
Turn   | Place    | Note
-------+----------+-------------------------------------------
     0 | D:1      | letownia2 the Gnoll Skald began the quest for the Orb.
     0 | D:1      | Reached XP level 1. HP: 20/20 MP: 6/6
    58 | D:2      | Reached XP level 2. HP: 12/26 MP: 4/7
    76 | D:2      | Learned a level 2 spell: Shroud of Golubria
    79 | D:2      | Learned a level 2 spell: Song of Slaying
   108 | D:2      | Found a snail-covered altar of Cheibriados.
   184 | D:2      | Became a worshipper of Cheibriados the Contemplative
   351 | D:3      | Reached skill level 5 in Spellcasting
   351 | D:3      | Reached XP level 3. HP: 24/31 MP: 1/9
   397 | D:3      | Learned a level 3 spell: Regeneration
   401 | D:3      | Learned a level 3 spell: Spectral Weapon
   402 | D:4      | Noticed an ogre
   411 | D:4      | Killed an ogre
   411 | D:4      | Reached skill level 1 in Short Blades
   411 | D:4      | Reached skill level 1 in Long Blades
   411 | D:4      | Reached skill level 1 in Axes
   411 | D:4      | Reached skill level 1 in Maces & Flails
   411 | D:4      | Reached skill level 1 in Staves
   411 | D:4      | Reached skill level 1 in Slings
   411 | D:4      | Reached skill level 1 in Bows
   411 | D:4      | Reached skill level 1 in Crossbows
   411 | D:4      | Reached skill level 1 in Throwing
   411 | D:4      | Reached skill level 1 in Stealth
   411 | D:4      | Reached skill level 1 in Shields
   411 | D:4      | Reached skill level 1 in Unarmed Combat
   411 | D:4      | Reached skill level 1 in Conjurations
   411 | D:4      | Reached skill level 1 in Hexes
   411 | D:4      | Reached skill level 1 in Summonings
   411 | D:4      | Reached skill level 1 in Necromancy
   411 | D:4      | Reached skill level 1 in Translocations
   411 | D:4      | Reached skill level 1 in Transmutations
   411 | D:4      | Reached skill level 1 in Fire Magic
   411 | D:4      | Reached skill level 1 in Ice Magic
   411 | D:4      | Reached skill level 1 in Air Magic
   411 | D:4      | Reached skill level 1 in Earth Magic
   411 | D:4      | Reached skill level 1 in Poison Magic
   411 | D:4      | Reached skill level 1 in Invocations
   411 | D:4      | Reached skill level 1 in Evocations
   411 | D:4      | Reached XP level 4. HP: 35/38 MP: 0/11
   411 | D:4      | Reached XP level 5. HP: 40/43 MP: 0/12
   415 | D:5      | Entered Level 5 of the Dungeon
   437 | D:5      | Found a shimmering altar of Xom.
   438 | D:5      | Found a hazy altar of Hepliaklqana.
   439 | D:5      | Noticed a spectral ugly thing
   553 | D:5      | Reached XP level 6. HP: 40/50 MP: 8/13
   554 | D:5      | Noticed Prince Ribbit
   572 | D:5      | Killed Prince Ribbit
   572 | D:5      | Reached skill level 5 in Fighting
   572 | D:5      | Reached skill level 5 in Polearms
   572 | D:5      | Reached skill level 5 in Dodging
   582 | D:5      | Reached XP level 7. HP: 40/56 MP: 7/15
   604 | D:5      | Reached * piety under Cheibriados
   624 | D:5      | Found a sand-covered staircase.
   637 | D:5      | Found a hide-covered altar of Uskayaw.
   705 | Ossuary  | Entered an ossuary
   786 | Ossuary  | Reached ** piety under Cheibriados
   945 | Ossuary  | Noticed Menkaure
   958 | Ossuary  | Killed Menkaure
  1021 | D:5      | Learned a level 2 spell: Searing Ray
  1022 | D:6      | Found a stormy altar of Qazlal.
  1240 | D:6      | Reached XP level 8. HP: 13/63 MP: 1/16
  1519 | D:9      | Reached *** piety under Cheibriados
  1664 | D:8      | Learned a level 3 spell: Ozocubu's Armour
  1699 | D:8      | Reached XP level 9. HP: 69/69 MP: 8/18
  1788 | D:7      | Got a scorched trident
  1791 | D:7      | Identified the +6 trident "X" {protect, Dex+7} (You found it on level 7 of the Dungeon)
  2071 | D:9      | Found a staircase to the Lair.
  2075 | D:9      | Noticed an efreet
  2075 | D:9      | a hell hound changed into an efreet
  2086 | D:9      | Killed an efreet
  2101 | D:9      | Noticed a two-headed ogre
  2114 | D:9      | Killed a two-headed ogre
  2114 | D:9      | Reached skill level 5 in Armour
  2126 | D:9      | Reached **** piety under Cheibriados
  2133 | D:9      | Noticed a two-headed ogre
  2135 | D:9      | Reached skill level 5 in Invocations
  2139 | D:9      | Killed a two-headed ogre
  2139 | D:9      | Reached XP level 10. HP: 74/77 MP: 10/20
  2251 | D:10     | Entered Level 10 of the Dungeon
  2262 | D:10     | Reached skill level 5 in Short Blades
  2262 | D:10     | Reached skill level 5 in Long Blades
  2262 | D:10     | Reached skill level 5 in Axes
  2262 | D:10     | Reached skill level 5 in Maces & Flails
  2262 | D:10     | Reached skill level 5 in Staves
  2262 | D:10     | Reached skill level 5 in Slings
  2262 | D:10     | Reached skill level 5 in Bows
  2262 | D:10     | Reached skill level 5 in Crossbows
  2262 | D:10     | Reached skill level 5 in Throwing
  2262 | D:10     | Reached skill level 5 in Stealth
  2262 | D:10     | Reached skill level 5 in Shields
  2262 | D:10     | Reached skill level 5 in Unarmed Combat
  2262 | D:10     | Reached skill level 5 in Evocations
  2266 | D:10     | Got an ebony rapier
  2284 | D:10     | Noticed Vorshek's ghost (journeyman GnWr)
  2314 | D:10     | Killed Vorshek's ghost
  2442 | D:10     | Found an ornate altar of the Wu Jian Council.
  2485 | D:10     | Noticed an orc knight
  2506 | D:10     | Killed an orc knight
  2533 | D:10     | Reached ***** piety under Cheibriados
  2551 | D:10     | Found a roughly hewn altar of Beogh.
  2551 | D:10     | Found a staircase to the Orcish Mines.
  2558 | D:10     | Reached XP level 11. HP: 72/84 MP: 6/22
  2694 | Orc:1    | Entered Level 1 of the Orcish Mines
  2694 | Orc:1    | Noticed Fannar
  2694 | Orc:1    | Noticed an orc high priest
  2694 | Orc:1    | Noticed an orc knight
  2702 | D:10     | Killed an orc high priest
  2742 | D:10     | Reached skill level 5 in Conjurations
  2742 | D:10     | Reached skill level 5 in Hexes
  2742 | D:10     | Reached skill level 5 in Summonings
  2742 | D:10     | Reached skill level 5 in Necromancy
  2742 | D:10     | Reached skill level 5 in Translocations
  2742 | D:10     | Reached skill level 5 in Transmutations
  2742 | D:10     | Reached skill level 5 in Fire Magic
  2742 | D:10     | Reached skill level 5 in Ice Magic
  2742 | D:10     | Reached skill level 5 in Air Magic
  2742 | D:10     | Reached skill level 5 in Earth Magic
  2742 | D:10     | Reached skill level 5 in Poison Magic
  2786 | D:10     | Killed an orc knight
  2801 | Orc:1    | Killed Fannar
  2987 | Orc:2    | Entered Level 2 of the Orcish Mines
  2987 | Orc:2    | Found a labyrinth entrance.
  3050 | Orc:2    | Found a staircase to the Elven Halls.
  3066 | Orc:2    | Learned a level 4 spell: Summon Ice Beast
  3067 | Lab      | Entered a labyrinth
  3364 | Lab      | Reached ****** piety under Cheibriados
  3577 | Lab      | Killed an unseen horror
  3581 | Lab      | Killed an unseen horror
  3789 | Lab      | Noticed a minotaur
  3803 | Lab      | Killed a minotaur
  3806 | Lab      | Got a topaz-encrusted ring mail
  3810 | Lab      | Identified Urigay's Incunabulum of the Glacier
  3811 | Lab      | Got a smoking chain mail
  3814 | Lab      | Identified the +8 rapier of Ifu Oco {freeze, Int+3} (You found it on level 10 of the Dungeon)
  3834 | Lab      | Identified the +0 ring mail of Submission {*Slow rPois Int+8} (You took it off a minotaur in a labyrinth)
  3844 | Lab      | Identified the +2 chain mail of Dishonour {rPois} (You found it in a labyrinth)
  3904 | Orc:2    | Noticed an orc warlord
  3904 | Orc:2    | Reached XP level 12. HP: 93/93 MP: 16/24
  3906 | Orc:2    | Noticed an orc high priest
  3908 | Orc:2    | Paralysed by an orc sorcerer for 2 turns
  3918 | Orc:2    | Noticed an orc high priest
  3929 | Orc:1    | Killed an orc high priest
  4019 | Orc:1    | Noticed Nr616's ghost (adept HOBe)
  4094 | Orc:1    | HP: 4/94 [orc warlord/long sword (7)]
  4097 | Orc:1    | Killed an orc warlord
  4099 | Orc:1    | Demolished by an orc knight

Skill      XL: |  1  2  3  4  5  6  7  8  9 10 11 12 |
---------------+-------------------------------------+-----
Spellcasting   | 5 6 7 8 |  8.7
Short Blades   | 1 2 3 4 5 6 7 |  7.0
Long Blades    | 1 2 3 4 5 6 7 |  7.0
Axes           | 1 2 3 4 5 6 7 |  7.0
Maces & Flails | 1 2 3 4 5 6 7 |  7.0
Staves         | 1 2 3 4 5 6 7 |  7.0
Slings         | 1 2 3 4 5 6 7 |  7.0
Bows           | 1 2 3 4 5 6 7 |  7.0
Crossbows      | 1 2 3 4 5 6 7 |  7.0
Throwing       | 1 2 3 4 5 6 7 |  7.0
Stealth        | 1 2 3 4 5 6 7 |  7.0
Shields        | 1 2 3 4 5 6 7 |  7.0
Unarmed Combat | 1 2 3 4 5 6 7 |  7.0
Conjurations   | 1 2 3 4 5 |  5.8
Hexes          | 1 2 3 4 5 |  5.8
Summonings     | 1 2 3 4 5 |  5.8
Necromancy     | 1 2 3 4 5 |  5.8
Translocations | 1 2 3 4 5 |  5.8
Transmutations | 1 2 3 4 5 |  5.8
Fire Magic     | 1 2 3 4 5 |  5.8
Ice Magic      | 1 2 3 4 5 |  5.8
Air Magic      | 1 2 3 4 5 |  5.8
Earth Magic    | 1 2 3 4 5 |  5.8
Poison Magic   | 1 2 3 4 5 |  5.8
Invocations    | 1 2 3 4 5 6 7 |  7.6
Evocations     | 1 2 3 4 5 6 7 |  7.0
Armour         | 3 4 5 6 7 |  7.5
Fighting       | 5 6 7 8 |  8.4
Polearms       | 5 6 7 8 |  8.4
Dodging        | 5 6 7 8 |  8.4
Charms         | 6 7 8 |  8.1

Action                   |  1- 3 |  4- 6 |  7- 9 | 10-12 || total
-------------------------+-------+-------+-------+-------++-------
Melee: Spear             |    63 |    24 |   272 |       ||   359
       Bite              |     4 |     2 |    56 |    75 ||   137
       Punch             |       |       |     2 |       ||     2
       Trident           |       |       |    29 |   322 ||   351
Throw: Tomahawk          |       |       |       |     1 ||     1
 Cast: Infusion          |     4 |       |       |       ||     4
       Shroud of Golubri |     9 |     3 |    20 |    13 ||    45
       Spectral Weapon   |     1 |     3 |    21 |    28 ||    53
       Song of Slaying   |       |       |    12 |     9 ||    21
       Regeneration      |       |       |     7 |    15 ||    22
       Searing Ray       |       |       |     1 |       ||     1
       Ozocubu's Armour  |       |       |     3 |    16 ||    19
       Summon Ice Beast  |       |       |       |     4 ||     4
Evoke: Wand              |       |     6 |     5 |       ||    11
  Use: Potion            |       |       |       |     3 ||     3
       Scroll            |       |       |       |    10 ||    10
 Stab: Sleeping          |     1 |       |     1 |     2 ||     4
       Distracted        |       |     1 |     2 |     7 ||    10
  Eat: Chunk             |       |       |     3 |     3 ||     6
       Ration            |       |       |       |     1 ||     1
Armor: Leather armour    |     5 |     1 |    32 |    16 ||    54
       Troll leather arm |       |       |       |    43 ||    43
Dodge: Dodged            |    30 |    10 |   157 |   207 ||   404
Block: Buckler           |       |       |    52 |   123 ||   175
